 Dungeon Crawl Stone Soup version 0.18-b1-2-gd0c887e (webtiles) character file.

4967 Groucho the Covert (level 10, 0/49 HPs)
             Began as a Spriggan Enchanter on Apr 29, 2016.
             Was a Priest of Dithmenos.
             Killed by vampiric draining
             ... invoked by Josephine
              (14 damage)
             ... on level 10 of the Dungeon.
             The game lasted 00:48:33 (14109 turns).

Groucho the Covert (Spriggan Enchanter)            Turns: 14109, Time: 00:48:33

Health: 0/49       AC:  3    Str:  8    XL:     10   Next: 28%
Magic:  10/23      EV: 22    Int: 17    God:    Dithmenos [***...]
Gold:   519        SH:  0    Dex: 16    Spells: 6 memorised, 9 levels left

rFire  . . .     SeeInvis +     O - +1 short sword (speed)
rCold  + . .     Gourm    .     I - +1 robe {rC+}
rNeg   . . .     Faith    .     (shield restricted)
rPois  .         Spirit   .     (helmet restricted)
rElec  .         Dismiss  .     (no cloak)
rCorr  +         Reflect  .     (gloves unavailable)
SustAt .         Harm     .     (boots unavailable)
MR     +....                    v - amulet of rage
Stlth  ++++++....               (no ring)
                                F - ring of resist corrosion

@: lethally poisoned (0 -> -6), about to teleport, slowed, wreathed by umbra,
quick, somewhat resistant to hostile enchantments, very stealthy
A: unfitting armour, antennae 1, see invisible, clumsy 1, herbivore 3, speed 3,
slow metabolism 2, strong 1
a: Shadow Step, Renounce Religion, Evoke Berserk Rage


You were on level 10 of the Dungeon.
You worshipped Dithmenos.
Dithmenos was most pleased with you.
You were not hungry.

You visited 2 branches of the dungeon, and saw 11 of its levels.

You collected 519 gold pieces.

Inventory:

Hand Weapons
 a - a +1 dagger
 j - a +2 short sword of electrocution
 r - a +2 dagger of venom
 O - a +1 short sword of speed (weapon)
Missiles
 B - 5 steel tomahawks (quivered)
Armour
 I - a +1 robe of cold resistance (worn)
Jewellery
 v - an amulet of rage (around neck)
 F - a ring of resist corrosion (left hand)
 N - the ring of Coasch {*Contam +Blink +Fly Str+3, unknown}
   (You found it on level 9 of the Dungeon)

   [ring of flight]

   It affects your strength (+3).
   It lets you fly.
   It lets you blink.
   It causes magical contamination when unequipped.
Wands
 u - a wand of lightning (8/15)
 H - a wand of polymorph (11/24)
 K - a wand of iceblast (0/15)
 M - a wand of disintegration (0/24)
 Q - a wand of confusion (15/48)
Scrolls
 e - 6 scrolls of identify
 g - a scroll of blinking
 h - 4 scrolls of recharging
 i - 5 scrolls of teleportation
 l - 2 scrolls of enchant armour {unknown}
 m - a scroll of fear {unknown}
 o - 3 scrolls of amnesia
 s - a scroll of brand weapon {unknown}
 w - 2 scrolls of fog
 x - 2 scrolls of remove curse {unknown}
 y - a scroll of random uselessness {unknown}
 G - a scroll of noise {unknown}
 L - a scroll of silence {unknown}
Potions
 k - a potion of brilliance {unknown}
 n - 2 potions of ambrosia {unknown}
 p - 3 potions of curing
 q - a potion of mutation
 t - 2 potions of heal wounds {unknown}
 z - a potion of cure mutation {unknown}
 A - 3 potions of invisibility {unknown}
 C - a potion of magic {unknown}
 D - a potion of lignification {unknown}
 J - a potion of flight {unknown}
 P - a potion of might {unknown}
Books
 b - a book of Misfortune

   Spells                             Type                      Level
   a - Confusing Touch                Hexes                        2
   b - Confuse                        Hexes                        3
   c - Gell's Gravitas                Hexes/Translocation          3
   d - Petrify                        Transmutation/Earth          4
   e - Metabolic Englaciation         Hexes/Ice                    5
   f - Yara's Violent Unravelling     Hexes/Transmutation          5
 c - a book of Maledictions

   Spells                             Type                      Level
   a - Corona                         Hexes                        1
   b - Ensorcelled Hibernation        Hexes/Ice                    2
   c - Confuse                        Hexes                        3
   d - Tukima's Dance                 Hexes                        3
   e - Dazzling Spray                 Conjuration/Hexes            3
 E - a book of Envenomations

   Spells                             Type                      Level
   a - Spider Form                    Transmutation/Poison         3
   b - Olgreb's Toxic Radiance        Poison                       4
   c - Alistair's Intoxication        Transmutation/Poison         5
   d - Poisonous Cloud                Conjuration/Poison/Air       6
Comestibles
 d - 8 bread rations
 f - a fruit


   Skills:
 + Level 3.1 Fighting
 + Level 5.2 Short Blades
 * Level 7.4 Dodging
 * Level 9.1 Stealth
 * Level 8.6 Spellcasting
 + Level 2.4 Conjurations
 * Level 8.4 Hexes
 * Level 5.3 Translocations
 + Level 3.8 Transmutations
 + Level 2.9 Poison Magic
 + Level 3.6 Evocations


You had 9 spell levels left.
You knew the following spells:

 Your Spells              Type           Power        Failure   Level  Hunger
a - Tukima's Dance        Hex            #####...     1%          3    #......
b - Ensorcelled Hibernat  Hex/Ice        ###...       2%          2    None
c - Confuse               Hex            #####...     1%          3    #......
d - Dazzling Spray        Conj/Hex       ####....     3%          3    #......
e - Spider Form           Trmt/Pois      ###.......   10%         3    #......
f - Gell's Gravitas       Hex/Tloc       ####......   1%          3    #......


Dungeon Overview and Level Annotations

Branches:
Dungeon (10/15)            Temple (1/1) D:4
   Lair: D:8-11         Orc: D:9-12

Altars:
Ashenzari
Cheibriados
Dithmenos
Elyvilon
Fedhas
Gozag
Kikubaaqudgha
Makhleb
Nemelex Xobeh
Okawaru
Pakellas
Qazlal
Ru
Sif Muna
Trog
Vehumet
Xom
Yredelemnul
Zin
The Shining One

Shops:
D:6 *

Annotations:
D:8 Gastronok
D:10 Josephine


Innate Abilities, Weirdness & Mutations

You are tiny and cannot use many weapons and most armour.
You have supernaturally acute eyesight.
You are a herbivore.
You cover ground extremely quickly.
You need consume almost no food.
You have a pair of small antennae on your head.
You are clumsy. (Dex -2)
Your muscles are strong. (Str +2)


Message History

Drink which item? (? for menu, Esc to quit)
You feel better. The wraith completely misses you.
Josephine drinks a potion.
Josephine is healed!
The wraith completely misses you. The wraith closely misses you.
Josephine barely misses you. The wraith misses you.
Read which item? (? for menu, Esc to quit)
As you read the scroll of teleportation, it crumbles to dust.
You feel strangely unstable. The wraith misses you.
Josephine hits you with a dagger of venom.
You are poisoned.
The wraith completely misses you.
Casting: Ensorcelled Hibernation
Confirm with . or Enter, or press ? or * to list all spells.
Aiming: Dazzling Spray
Press: ? - help, Shift-Dir - straight line, p - Josephine The spray of energy hits the wraith.
The spray of energy hits Josephine.
Josephine is heavily wounded.
Josephine is dazzled.
You feel sick. The wraith closely misses you.
Josephine is infused with unholy energy.
You die...

##### ##.@.##
##.W@..##
##..^.W..##
#.........##
#..........#
#..........#
.##.......#.#
#........##.#
.####...###.#####
#(.......##.##


You could see Josephine (blind) and 2 wraiths.

Vanquished Creatures
  2 wraiths (D:10)
  3 yaks (D:9)
  A hippogriff (D:9)
  Edmund (D:5)
  An ice beast (D:10)
  An orc warrior (D:7)
  2 black bears
  4 phantoms
  2 eyes of draining
  4 centaurs
  4 ogres
  Blork the orc (D:6)
  2 big kobolds
  5 giant frogs
  A wyvern zombie (D:8)
  5 scorpions
  8 wights (D:8)
  A howler monkey (D:4)
  3 crimson imps
  A giant frog zombie (D:6)
  3 quasits
  A gnoll shaman (D:4)
  4 hounds
  2 jellies
  2 orc priests
  2 centaur skeletons
  An iguana (D:5)
  5 orc wizards
  Jessica (D:2)
  Terence (D:3)
  4 worker ants
  A killer bee zombie (D:9)
  A hound zombie (D:7)
  A worker ant zombie (D:6)
  11 gnolls
  13 adders
  3 shadow imps
  2 oozes
  2 adder skeletons
  2 worms
  5 dart slugs
  2 giant geckos
  15 orcs
  3 ball pythons
  5 bats
  2 giant cockroaches
  4 goblins
  9 hobgoblins
  10 jackals
  4 quokkas
  A giant gecko skeleton (D:7)
  10 giant newts
  34 kobolds
  A quokka skeleton (D:7)
  A quokka zombie (D:6)
  7 rats
  2 butterflies (D:4)
229 creatures vanquished.

Vanquished Creatures (others)
  A plant (D:9)
1 creature vanquished.

Grand Total: 230 creatures vanquished

Notes
Turn   | Place    | Note
--------------------------------------------------------------
     0 | D:1      | Groucho the Spriggan Enchanter began the quest for the Orb.
     0 | D:1      | Reached XP level 1. HP: 9/9 MP: 5/5
   837 | D:1      | Reached XP level 2. HP: 13/13 MP: 7/7
   852 | D:1      | Learned a level 2 spell: Ensorcelled Hibernation
  1258 | D:1      | Reached XP level 3. HP: 4/17 MP: 8/8
  1263 | D:1      | Learned a level 3 spell: Confuse
  1986 | D:2      | Noticed Jessica
  1988 | D:2      | Found a sacrificial altar of Ru.
  1989 | D:2      | Killed Jessica
  2044 | D:2      | Found a radiant altar of Vehumet.
  2066 | D:2      | Reached XP level 4. HP: 18/21 MP: 10/10
  2109 | D:2      | Reached skill level 1 in Fighting
  2568 | D:2      | Reached skill level 5 in Stealth
  2909 | D:3      | Noticed Terence
  2914 | D:3      | Killed Terence
  2914 | D:3      | Reached XP level 5. HP: 25/25 MP: 11/11
  2921 | D:3      | Learned a level 3 spell: Dazzling Spray
  3539 | D:3      | Found a glowing silver altar of Zin.
  3842 | D:4      | Noticed an ogre
  3860 | D:4      | Killed an ogre
  3860 | D:4      | Reached skill level 5 in Hexes
  3864 | D:4      | Reached XP level 6. HP: 30/30 MP: 4/13
  4112 | D:4      | Found a shimmering altar of Xom.
  4441 | D:4      | Reached skill level 5 in Spellcasting
  4851 | D:4      | Found a staircase to the Ecumenical Temple.
  4875 | Temple   | Entered the Ecumenical Temple
  4985 | Temple   | Became a worshipper of Dithmenos the Shadowed
  5122 | D:4      | Reached skill level 6 in Stealth
  5122 | D:4      | Reached XP level 7. HP: 27/34 MP: 11/16
  5984 | D:4      | Reached skill level 5 in Dodging
  6253 | D:5      | Entered Level 5 of the Dungeon
  6255 | D:5      | Gained mutation: You have a pair of small antennae on your head. [potion of mutation]
  6255 | D:5      | Gained mutation: Your muscles are strong. (Str +2) [potion of mutation]
  6255 | D:5      | Gained mutation: You are clumsy. (Dex -2) [potion of mutation]
  6336 | D:5      | Noticed Edmund
  6357 | D:5      | Killed Edmund
  6357 | D:5      | Reached skill level 1 in Evocations
  6456 | D:5      | Reached XP level 8. HP: 37/39 MP: 18/18
  7428 | D:6      | Reached * piety under Dithmenos
  7446 | D:6      | Learned a level 3 spell: Tukima's Dance
  7450 | D:6      | Learned a level 3 spell: Spider Form
  7540 | D:6      | Found Debem's Serpentskin Sales.
  7976 | D:6      | Noticed Blork the orc
  7986 | D:6      | Killed Blork the orc
  8104 | D:6      | Found an iron altar of Okawaru.
  8105 | D:6      | Found a deep blue altar of Sif Muna.
  8465 | D:7      | Reached skill level 1 in Transmutations
  8496 | D:7      | Reached skill level 7 in Stealth
  8496 | D:7      | Reached skill level 1 in Poison Magic
  8584 | D:7      | Reached skill level 1 in Conjurations
  8894 | D:7      | Learned a level 3 spell: Gell's Gravitas
  9036 | D:7      | Reached ** piety under Dithmenos
  9280 | D:7      | Reached skill level 1 in Translocations
  9281 | D:7      | Reached XP level 9. HP: 31/43 MP: 4/20
 10068 | D:8      | Reached skill level 8 in Stealth
 10266 | D:8      | Found an ancient bone altar of Kikubaaqudgha.
 10267 | D:8      | Found a blossoming altar of Fedhas.
 10392 | D:8      | Noticed Gastronok
 11941 | D:9      | Got a coiled silver ring
 12169 | D:10     | Entered Level 10 of the Dungeon
 12684 | D:9      | Reached *** piety under Dithmenos
 12786 | D:9      | Reached XP level 10. HP: 39/49 MP: 20/23
 12806 | D:9      | Reached skill level 5 in Short Blades
 12925 | D:9      | Reached skill level 5 in Translocations
 13762 | D:10     | Reached skill level 9 in Stealth
 14097 | D:10     | Noticed Josephine
 14109 | D:10     | Killed from afar by Josephine

Skill      XL: |  1  2  3  4  5  6  7  8  9 10 |
---------------+-------------------------------+-----
Spellcasting   | 3 4 5 6 7 8 |  8.6
Hexes          | 4 5 6 7 8 |  8.4
Fighting       | 1 2 3 |  3.1
Short Blades   | 2 3 4 5 |  5.2
Stealth        | 5 6 7 8 9 |  9.1
Dodging        | 4 5 6 7 |  7.4
Evocations     | 1 3 |  3.6
Transmutations | 1 3 |  3.8
Poison Magic   | 1 2 |  2.9
Conjurations   | 1 2 |  2.4
Translocations | 1 4 5 |  5.3

Action                   |  1- 3 |  4- 6 |  7- 9 | 10-12 || total
-------------------------+-------+-------+-------+-------++-------
Melee: Dagger            |    41 |       |       |       ||    41
       Short sword       |    45 |   141 |   313 |    85 ||   584
 Cast: Ensorcelled Hiber |       |    14 |    55 |    19 ||    88
       Confuse           |       |     4 |    38 |     7 ||    49
       Dazzling Spray    |       |       |    28 |     5 ||    33
Evoke: Wand              |       |       |     8 |       ||     8
  Use: Scroll            |       |     5 |     4 |     1 ||    10
       Potion            |       |     1 |     4 |     1 ||     6
 Stab: Sleeping          |     5 |    18 |    51 |     9 ||    83
       Confused          |       |     4 |    21 |    11 ||    36
       Invisible         |       |       |     3 |     2 ||     5
       Distracted        |       |       |     1 |       ||     1
  Eat: Pizza             |       |     1 |       |       ||     1
       Royal jelly       |       |     1 |       |       ||     1
       Fruit             |       |       |     8 |       ||     8
       Bread ration      |       |       |     1 |       ||     1
Armor: Robe              |     6 |    23 |    16 |     1 ||    46
Dodge: Dodged            |    58 |   130 |   248 |    54 ||   490
